 BcadrenCrawl: Boulder Brew version 0.04.2-17-g662d9223eb (webtiles) character file.

Game seed: 12972417192763665452, levelgen mode: deterministic

1033 diana the Cutter (level 8, -20/50 HPs) Kobold Gladiator. Began on May 16, 2021. Killed from afar by Dowan (25 damage) ... with a shard of ice ... on level 3 of the Dungeon. The game lasted 00:04:07 (3006 turns).

diana the Cutter (Kobold Gladiator)                 Turns: 3006, Time: 00:04:08

Health: -20/50     AC:  4    Str: 11    XL:     8 ^: 502
Magic:  9/9        EV: 19    Int:  9    God:
Gold:   129        SH:  0    Dex: 19    Spells: 7/7 levels left

rFire    . . .     Vision   .   a - +0 rapier
rCold    . . .     Gourm    .   (weapon restricted)
rNeg     . . .     Faith    .   b - +0 leather armour
rPois    .         Spirit   .   c - +0 helmet
rElec    .         Reflect  .   (no cloak)
rCorr    .         Harm     .   (no gloves)
MR       .....                  (no boots)
Stlth    +.........             (no amulet)
HPRegen  0.26/turn              (no ring)
MPRegen  0.19/turn              (no ring)

@: no status effects
A: small, carnivore
a: no special abilities


You were on level 3 of the Dungeon.
You were not hungry.

You visited 1 branch of the dungeon, and saw 3 of its levels.

You collected 129 gold pieces.

Inventory:

Weapons
 a - a +0 rapier (weapon) Shields
 e - a +0 sai
Armour
 b - a +0 leather armour (worn)
 c - a +0 helmet (worn)
Jewellery
 l - an uncursed ring of intelligence
Wands
 d - a wand of ensnaring (9)
Scrolls
 g - 4 scrolls of acquirement
 h - a scroll of summoning
 j - 2 scrolls of teleportation
 m - a scroll of enchantment
 n - a scroll of blinking
Potions
 i - 2 potions of might
 k - a potion of invisibility
Comestibles
 f - 4 rations


   Skills:
 + Level 5.5 Fighting
 + Level 6.6 Short Blades
 + Level 3.6 Armour
 + Level 6.6 Dodging
 - Level 2.1 Evocations


You had 7 spell levels left.
You didn't know any spells.
Your spell library was empty.

Dungeon Overview and Level Annotations

Branches:
Dungeon (3/8)

Altars:

Annotations:
D:3 Dowan


Innate Abilities, Weirdness & Mutations

You are small and have problems with some larger weapons.
You are carnivorous and can eat meat at any time.


Message History

The orc hits you but does no damage.
You hit the orc (3). You hit the orc but do no damage.
The orc is heavily wounded. (3/6) HP The orc hits you but does no damage.
The orc closely misses you (0).
You puncture the orc (9)!
You kill the orc!
Dowan points at you and mumbles some strange words.
The stone arrow misses you.
The stone arrow hits the orc (8)!
The orc dies!
Dowan hits you with a +0 morningstar (11)!
Dowan points at you and mumbles some strange words.
The shard of ice hits you (15)!
* * * LOW HITPOINT WARNING * * *
The icicle shatters into a spray of ice shards!
You puncture Dowan (8)! You hit Dowan (2).
Dowan is heavily wounded. (13/23) HP Dowan gestures at you while chanting.
The shard of ice hits you (25)!!
Ouch! That really hurt!
You die...

............# .#
.##.[.......###.#
.............##.#
......##........#
......##........#
......##........###
......##..).......#
[.##.###.........e#
..##.# #........@.#
†.##.# #......)[).#
..# .# #.......>).+
..# ######.....#
### #.....'.. ##
#.....#### .#
#...... [# ######..
.# ...


You could see Dowan.

Vanquished Creatures
  A water moccasin (D:2)
  Duvessa (D:3)
  2 big kobolds (D:2)
  An orc priest (D:3)
  6 jellies (D:2)
  An orc wizard (D:3)
  5 giant cockroaches
  A bullfrog skeleton (D:3)
  An adder (D:2)
  29 sewer rats (D:2)
  4 cinder newts
  4 worms
  2 oozes (D:2)
  A dart slug (D:1)
  A leopard gecko (D:2)
  6 orcs (D:3)
  An adder skeleton (D:2)
  A ball python (D:1)
  2 hobgoblins (D:1)
  11 kobolds
  A quokka (D:3)
  7 bats
  2 hobgoblin skeletons (D:2)
  6 rats (D:1)
  5 withered plants (D:2)
102 creatures vanquished.

Vanquished Creatures (others)
  An orc (D:3)
  A bat skeleton (D:2)
  2 slimeheads (D:2)
  114 withered plants (D:2)
118 creatures vanquished.

Grand Total: 220 creatures vanquished

Notes
Turn   | Place    | Note
-------+----------+-------------------------------------------
     0 | D:1      | diana the Kobold Gladiator began the quest for the Orb.
     0 | D:1      | Reached XP level 1. HP: 12/12 MP: 2/2
   138 | D:1      | Reached XP level 2. HP: 17/18 MP: 3/3
   283 | D:1      | Reached XP level 3. HP: 22/22 MP: 4/4
   656 | D:2      | Noticed a big kobold
   657 | D:2      | Identified 3 scrolls of acquirement
   666 | D:2      | Killed a big kobold
   666 | D:2      | Reached skill level 1 in Armour
   666 | D:2      | Reached XP level 4. HP: 18/28 MP: 5/5
   768 | D:2      | Reached XP level 5. HP: 32/32 MP: 6/6
   897 | D:2      | Reached XP level 6. HP: 37/37 MP: 7/7
   951 | D:2      | Reached skill level 5 in Dodging
   954 | D:2      | Reached skill level 5 in Short Blades
  1088 | D:2      | Noticed a water moccasin
  1099 | D:2      | Killed a water moccasin
  1099 | D:2      | Reached XP level 7. HP: 18/44 MP: 8/8
  2263 | D:2      | Reached skill level 5 in Fighting
  2263 | D:2      | Reached XP level 8. HP: 43/49 MP: 9/9
  2976 | D:3      | Noticed Dowan
  2977 | D:3      | Noticed Duvessa
  2994 | D:3      | Killed Duvessa
  3006 | D:3      | Killed from afar by Dowan

Levels and vault maps discovered:
D:1:      dpeg_arrival_chase, layout_basic, first_ration, nrook_campfire,
          minmay_misc_feat_tower, nrook_mini_backslash, st_stairs_8
D:2:      layout_sewer, nrook_loot_triangle
D:3:      layout_basic, uniq_menkaure, uniq_duvessa

Skill      XL: |  1  2  3  4  5  6  7 |
---------------+----------------------+-----
Short Blades   | 4 5 6 |  6.6
Dodging        | 4 5 6 |  6.6
Fighting       | 3 4 5 |  5.5
Armour         | 1 2 3 |  3.6
Evocations     | |  2.1

Action                   |  1- 3 |  4- 6 |  7- 9 || total
-------------------------+-------+-------+-------++-------
Melee: Rapier            |    33 |   107 |   149 ||   289
       Unarmed           |    16 |    78 |   101 ||   195
  Use: Potion            |       |       |     1 ||     1
 Stab: Sleeping          |       |       |     2 ||     2
  Eat: Chunk             |       |     1 |     7 ||     8
Armor: Leather armour    |     3 |    19 |    12 ||    34
Dodge: Dodged            |    24 |   153 |   120 ||   297
